TOP OF THE 1ST |
Hialeah Dodos batting - Pitching for Brinkley Belugas : LHP Harvey Richards
|
Pitching: LHP Harvey Richards
|
|
Batting: RHB Alexis Smeddon
|
0-0: Ball 1-0: Foul Ball, location: 2F 1-1: Called Strike 1-2: Ball 2-2: Fly out, F7 (Flyball, 7LM)
|
Batting: RHB Pedro Longoria
|
0-0: Called Strike 0-1: SINGLE (Groundball, 3D)
|
Batting: LHB Álex Burgos
|
0-0: Ball 1-0: Ball 2-0: Called Strike 2-1: Called Strike 2-2: Grounds into double play, 6-4-3 (Groundball, 6)
|
Top of the 1st over - 0 run(s), 1 hit(s), 0 error(s), 0 left on base; Hialeah 0 - Brinkley 0 |
BOTTOM OF THE 1ST |
Brinkley Belugas batting - Pitching for Hialeah Dodos : RHP Jim Unknown
|
Pitching: RHP Jim Unknown
|
|
Batting: RHB Steve Jones
|
0-0: Called Strike 0-1: Swinging Strike 0-2: Ball 1-2: Ground out 6-3 (Groundball, 6M)
|
Batting: RHB Jorge Salazar
|
0-0: Swinging Strike 0-1: Ball 1-1: Ball 2-1: Swinging Strike 2-2: Ball 3-2: Base on Balls
|
Batting: RHB Shawn Hicks
|
0-0: DOUBLE (Groundball, 5L) Jorge Salazar to third Runner from 3rd tries for Home, throw and OUT! Runner from 2nd tries for 3rd, throw and SAFE!
|
Batting: RHB Reggie Kahn
|
0-0: Ball 1-0: Ball 2-0: Ball 3-0: Base on Balls
|
Batting: RHB Kurt Chappell
|
0-0: Ball 1-0: Called Strike 1-1: Ball 2-1: Fly out, F4 (Line Drive, 4)
|
Bottom of the 1st over - 0 run(s), 1 hit(s), 0 error(s), 2 left on base; Hialeah 0 - Brinkley 0 |
TOP OF THE 2ND |
Hialeah Dodos batting - Pitching for Brinkley Belugas : LHP Harvey Richards
|
Batting: RHB David Nielsen
|
0-0: Ball 1-0: Called Strike 1-1: Ball 2-1: Fly out, F7 (Flyball, 7M)
|
Batting: LHB Alfonso Núñez
|
0-0: Foul Ball, location: 2F 0-1: Foul Ball, location: 2F 0-2: Ball 1-2: SINGLE (Line Drive, 9S)
|
Batting: RHB Ji-chol Yang
|
0-0: Ball 1-0: Called Strike 1-1: Fly out, F9 (Flyball, 9LM)
|
Batting: LHB Jeff Conklin
|
0-0: Called Strike 0-1: Ball 1-1: Ground out 4-3 (Groundball, 4)
|
Top of the 2nd over - 0 run(s), 1 hit(s), 0 error(s), 1 left on base; Hialeah 0 - Brinkley 0 |
BOTTOM OF THE 2ND |
Brinkley Belugas batting - Pitching for Hialeah Dodos : RHP Jim Unknown
|
Batting: RHB Marcos Silva
|
0-0: Called Strike 0-1: Foul Ball, location: 2F 0-2: Strikes out swinging
|
Batting: RHB Gonzalo Núñez
|
0-0: Called Strike 0-1: Ball 1-1: Fly out, F3 (Popup, 3SF)
|
Batting: LHB Arturo Acosta
|
0-0: Ball 1-0: Foul Ball, location: 2F 1-1: Swinging Strike 1-2: Ball 2-2: Strikes out swinging
|
Bottom of the 2nd over - 0 run(s), 0 hit(s), 0 error(s), 0 left on base; Hialeah 0 - Brinkley 0 |
TOP OF THE 3RD |
Hialeah Dodos batting - Pitching for Brinkley Belugas : LHP Harvey Richards
|
Batting: LHB Salvadaro Meireles
|
0-0: Ball 1-0: Ball 2-0: Ball 3-0: Called Strike 3-1: Ground out 4-3 (Groundball, 4)
|
Batting: RHB Carl Carlson
|
0-0: Ball 1-0: Called Strike 1-1: Ball 2-1: DOUBLE (Line Drive, 7LM)
|
Batting: RHB Alexis Smeddon
|
0-0: Called Strike 0-1: Ball 1-1: Foul Ball, location: 2F 1-2: Strikes out swinging
|
Batting: RHB Pedro Longoria
|
0-0: Ball 1-0: Fly out, F8 (Flyball, 89M)
|
Top of the 3rd over - 0 run(s), 1 hit(s), 0 error(s), 1 left on base; Hialeah 0 - Brinkley 0 |
BOTTOM OF THE 3RD |
Brinkley Belugas batting - Pitching for Hialeah Dodos : RHP Jim Unknown
|
Batting: RHB Fernando Díaz
|
0-0: Called Strike 0-1: Ball 1-1: Ground out 6-3 (Groundball, 6)
|
Batting: RHB Steve Jones
|
0-0: Called Strike 0-1: Ball 1-1: Foul Ball, location: 2F 1-2: Ball 2-2: Foul Ball, location: 2F 2-2: Strikes out swinging
|
Batting: RHB Jorge Salazar
|
0-0: Ball 1-0: Hit by Pitch
|
Batting: RHB Shawn Hicks
|
0-0: Ball 1-0: Ball 2-0: Ball 3-0: Called Strike 3-1: Ground out 5-3 (Groundball, 15S)
|
Bottom of the 3rd over - 0 run(s), 0 hit(s), 0 error(s), 1 left on base; Hialeah 0 - Brinkley 0 |
TOP OF THE 4TH |
Hialeah Dodos batting - Pitching for Brinkley Belugas : LHP Harvey Richards
|
Batting: LHB Álex Burgos
|
0-0: Swinging Strike 0-1: Foul Ball, location: 2F 0-2: Ball 1-2: SINGLE (Line Drive, 9S)
|
Batting: RHB David Nielsen
|
0-0: Ball 1-0: Swinging Strike 1-1: Swinging Strike 1-2: Grounds into double play, 4-6-3 (Groundball, 34)
|
Batting: LHB Alfonso Núñez
|
0-0: Ball 1-0: Foul Ball, location: 2F 1-1: Called Strike 1-2: Strikes out swinging
|
Top of the 4th over - 0 run(s), 1 hit(s), 0 error(s), 0 left on base; Hialeah 0 - Brinkley 0 |
BOTTOM OF THE 4TH |
Brinkley Belugas batting - Pitching for Hialeah Dodos : RHP Jim Unknown
|
Batting: RHB Reggie Kahn
|
0-0: Called Strike 0-1: Ball 1-1: Foul Ball, location: 2F 1-2: SINGLE (Groundball, 4MD)
|
Batting: RHB Kurt Chappell
|
0-0: Fly out, F7 (Flyball, 7M)
|
Batting: RHB Marcos Silva
|
0-0: Called Strike 0-1: Called Strike 0-2: Ball 1-2: Strikes out looking
|
Batting: RHB Gonzalo Núñez
|
0-0: Ball 1-0: Called Strike 1-1: Fly out, F7 (Flyball, 7M)
|
Bottom of the 4th over - 0 run(s), 1 hit(s), 0 error(s), 1 left on base; Hialeah 0 - Brinkley 0 |
TOP OF THE 5TH |
Hialeah Dodos batting - Pitching for Brinkley Belugas : LHP Harvey Richards
|
Batting: RHB Ji-chol Yang
|
0-0: Fly out, F9 (Popup, 3D)
|
Batting: LHB Jeff Conklin
|
0-0: Foul Ball, location: 2F 0-1: Ball 1-1: Swinging Strike 1-2: Ball 2-2: Foul Ball, location: 2F 2-2: DOUBLE (Flyball, 89XD)
|
Batting: LHB Salvadaro Meireles
|
0-0: Fly out, F5 (Popup, 5L)
|
Batting: RHB Carl Carlson
|
0-0: Called Strike 0-1: Ball 1-1: Called Strike 1-2: Foul Ball, location: 2F 1-2: Fly out, F8 (Flyball, 8LM)
|
Top of the 5th over - 0 run(s), 1 hit(s), 0 error(s), 1 left on base; Hialeah 0 - Brinkley 0 |
BOTTOM OF THE 5TH |
Brinkley Belugas batting - Pitching for Hialeah Dodos : RHP Jim Unknown
|
Batting: LHB Arturo Acosta
|
0-0: Ball 1-0: Ball 2-0: Ball 3-0: Called Strike 3-1: Foul Ball, location: 2F 3-2: Base on Balls
|
Batting: RHB Fernando Díaz
|
0-0: Bunted foul 0-1: Bunted foul 0-2: Ball 1-2: Ball 2-2: Ball 3-2: Strikes out swinging
|
Batting: RHB Steve Jones
|
0-0: Ball 1-0: Foul Ball, location: 2F 1-1: Ball 2-1: Ball 3-1: Base on Balls Arturo Acosta to second
|
Batting: RHB Jorge Salazar
|
0-0: Grounds into double play, 4-6-3 (Groundball, 4)
|
Bottom of the 5th over - 0 run(s), 0 hit(s), 0 error(s), 1 left on base; Hialeah 0 - Brinkley 0 |
TOP OF THE 6TH |
Hialeah Dodos batting - Pitching for Brinkley Belugas : LHP Harvey Richards
|
Batting: RHB Alexis Smeddon
|
0-0: Called Strike 0-1: Ball 1-1: Foul Ball, location: 2F 1-2: Foul Ball, location: 2F 1-2: Ball 2-2: Foul Ball, location: 2F 2-2: Ground out 5-3 (Groundball, 5)
|
Batting: RHB Pedro Longoria
|
0-0: Swinging Strike 0-1: Foul Ball, location: 2F 0-2: Foul Ball, location: 2F 0-2: Ball 1-2: Fly out, F7 (Line Drive, 7M)
|
Batting: LHB Álex Burgos
|
0-0: Foul Ball, location: 2F 0-1: Foul Ball, location: 2F 0-2: Ball 1-2: Ball 2-2: Ball 3-2: Foul Ball, location: 2F 3-2: Fly out, F8 (Flyball, 8RD)
|
Top of the 6th over - 0 run(s), 0 hit(s), 0 error(s), 0 left on base; Hialeah 0 - Brinkley 0 |
BOTTOM OF THE 6TH |
Brinkley Belugas batting - Pitching for Hialeah Dodos : RHP Jim Unknown
|
Batting: RHB Shawn Hicks
|
0-0: Reached on error, E5 (Groundball, 56S)
|
Batting: RHB Reggie Kahn
|
0-0: Ball 1-0: Ground out 4-3 (Groundball, 4M) Shawn Hicks to second
|
Batting: RHB Kurt Chappell
|
0-0: Intentional Walk
|
Batting: RHB Marcos Silva
|
0-0: Ball 1-0: Called Strike Shawn Hicks is caught stealing 3rd base Kurt Chappell to second 1-1: Foul Ball, location: 2F 1-2: Foul Ball, location: 2F 1-2: Ball 2-2: Foul Ball, location: 2F 2-2: Strikes out swinging
|
Bottom of the 6th over - 0 run(s), 0 hit(s), 1 error(s), 1 left on base; Hialeah 0 - Brinkley 0 |
TOP OF THE 7TH |
Hialeah Dodos batting - Pitching for Brinkley Belugas : LHP Harvey Richards
|
Batting: RHB David Nielsen
|
0-0: Fly out, F9 (Line Drive, 9S)
|
Pinch Hitting: RHB Jim Unknown
|
0-0: Ball 1-0: Fly out, F5 (Popup, 5SF)
|
Batting: RHB Ji-chol Yang
|
0-0: Ball 1-0: Foul Ball, location: 2F 1-1: Ball 2-1: Foul Ball, location: 2F 2-2: Fly out, F7 (Line Drive, 7LM)
|
Top of the 7th over - 0 run(s), 0 hit(s), 0 error(s), 0 left on base; Hialeah 0 - Brinkley 0 |
BOTTOM OF THE 7TH |
Brinkley Belugas batting - Pitching for Hialeah Dodos : RHP Jim Unknown
|
Now in LF: Gerald Sims
|
|
Pinch Hitting: LHB Jim Unknown
|
0-0: Ball 1-0: Swinging Strike 1-1: Ball 2-1: Foul Ball, location: 2F 2-2: Ground out 5-3 (Groundball, 15S)
|
Batting: LHB Arturo Acosta
|
0-0: Foul Ball, location: 2F 0-1: Ball 1-1: Called Strike 1-2: Ground out 4-3 (Groundball, 34)
|
Pinch Hitting: LHB Horace Ritchie
|
0-0: Called Strike 0-1: Ball 1-1: Ball 2-1: Foul Ball, location: 2F 2-2: Ground out 3-1 (Groundball, 34)
|
Bottom of the 7th over - 0 run(s), 0 hit(s), 0 error(s), 0 left on base; Hialeah 0 - Brinkley 0 |
TOP OF THE 8TH |
Hialeah Dodos batting - Pitching for Brinkley Belugas : LHP Harvey Richards
|
Now at 2B: Jim Unknown
|
|
Now in LF: Horace Ritchie
|
|
Pinch Hitting: RHB Javier Santos
|
0-0: Fly out, F3 (Popup, 3F)
|
Batting: LHB Salvadaro Meireles
|
0-0: Ball 1-0: Swinging Strike 1-1: Fly out, F7 (Flyball, 7M)
|
Batting: RHB Carl Carlson
|
0-0: Ball 1-0: Ball 2-0: Called Strike 2-1: Ball 3-1: Foul Ball, location: 2F 3-2: Foul Ball, location: 2F 3-2: Base on Balls
|
Pitching: RHP Marlon Miller
|
|
Batting: RHB Alexis Smeddon
|
0-0: Foul Ball, location: 2F 0-1: Ball 1-1: Called Strike 1-2: Foul Ball, location: 2F 1-2: Foul Ball, location: 2F 1-2: Ball 2-2: Ball 3-2: Strikes out looking
|
Top of the 8th over - 0 run(s), 0 hit(s), 0 error(s), 1 left on base; Hialeah 0 - Brinkley 0 |
BOTTOM OF THE 8TH |
Brinkley Belugas batting - Pitching for Hialeah Dodos : RHP Jim Unknown
|
Now at SS: Javier Santos
|
|
Batting: RHB Steve Jones
|
0-0: Ball 1-0: Ball 2-0: Ball 3-0: Base on Balls
|
Pitching: RHP Jesús González
|
|
Batting: RHB Jorge Salazar
|
0-0: Sac Bunt - play at first, batter OUT! 1-4 Steve Jones to second
|
Batting: RHB Shawn Hicks
|
0-0: Fly out, F6 (Popup, 6MD)
|
Batting: RHB Reggie Kahn
|
0-0: Called Strike 0-1: Foul Ball, location: 2F 0-2: Foul Ball, location: 2F 0-2: Strikes out swinging
|
Bottom of the 8th over - 0 run(s), 0 hit(s), 0 error(s), 1 left on base; Hialeah 0 - Brinkley 0 |
TOP OF THE 9TH |
Hialeah Dodos batting - Pitching for Brinkley Belugas : RHP Marlon Miller
|
Pitching: RHP Francisco García
|
|
Pinch Hitting: LHB Jim Unknown
|
0-0: Ground out 6-3 (Groundball, 6M)
|
Batting: LHB Álex Burgos
|
0-0: Foul Ball, location: 2F 0-1: Called Strike 0-2: Ball 1-2: Foul Ball, location: 2F 1-2: Ball 2-2: Ball 3-2: Fly out, F9 (Flyball, 9D)
|
Batting: RHB David Nielsen
|
0-0: Fly out, F9 (Flyball, 9S)
|
Top of the 9th over - 0 run(s), 0 hit(s), 0 error(s), 0 left on base; Hialeah 0 - Brinkley 0 |
BOTTOM OF THE 9TH |
Brinkley Belugas batting - Pitching for Hialeah Dodos : RHP Jesús González
|
Now in RF: Jim Unknown
|
|
Batting: RHB Kurt Chappell
|
0-0: Called Strike 0-1: Ball 1-1: Swinging Strike 1-2: Foul Ball, location: 2F 1-2: Strikes out looking
|
Batting: RHB Marcos Silva
|
0-0: Called Strike 0-1: Called Strike 0-2: Ball 1-2: Strikes out looking
|
Batting: RHB Jim Unknown
|
0-0: Ball 1-0: Ball 2-0: Ground out 6-3 (Groundball, 6M)
|
Bottom of the 9th over - 0 run(s), 0 hit(s), 0 error(s), 0 left on base; Hialeah 0 - Brinkley 0 |
TOP OF THE 10TH |
Hialeah Dodos batting - Pitching for Brinkley Belugas : RHP Francisco García
|
Batting: RHB Gerald Sims
|
0-0: Foul Ball, location: 2F 0-1: Ball 1-1: Foul Ball, location: 2F 1-2: Ball 2-2: Strikes out swinging
|
Batting: RHB Ji-chol Yang
|
0-0: Called Strike 0-1: Ball 1-1: Ball 2-1: Fly out, F9 (Flyball, 89XD)
|
Pinch Hitting: RHB Mitch Jensen
|
0-0: Ball 1-0: Called Strike 1-1: Called Strike 1-2: Ball 2-2: Ground out 5-3 (Groundball, 56S)
|
Top of the 10th over - 0 run(s), 0 hit(s), 0 error(s), 0 left on base; Hialeah 0 - Brinkley 0 |
BOTTOM OF THE 10TH |
Brinkley Belugas batting - Pitching for Hialeah Dodos : RHP Jesús González
|
Now at 2B: Mitch Jensen
|
|
Batting: LHB Arturo Acosta
|
0-0: Called Strike 0-1: Swinging Strike 0-2: Ball 1-2: Foul Ball, location: 2F 1-2: Foul Ball, location: 2F 1-2: Ball 2-2: Reached on Error, E6 (Popup, 78S)
|
Batting: LHB Horace Ritchie
|
0-0: Sac Bunt - play at first, batter OUT! 6-4 Arturo Acosta to second
|
Batting: RHB Steve Jones
|
0-0: Swinging Strike 0-1: Foul Ball, location: 2F 0-2: Strikes out swinging
|
Batting: RHB Jorge Salazar
|
0-0: Foul Ball, location: 2F 0-1: Swinging Strike 0-2: Foul Ball, location: 2F 0-2: Foul Ball, location: 2F 0-2: Fly out, F7 (Flyball, 78M)
|
Bottom of the 10th over - 0 run(s), 0 hit(s), 1 error(s), 1 left on base; Hialeah 0 - Brinkley 0 |
TOP OF THE 11TH |
Hialeah Dodos batting - Pitching for Brinkley Belugas : RHP Francisco García
|
Pitching: RHP Paul Clark
|
|
Batting: LHB Salvadaro Meireles
|
0-0: Swinging Strike 0-1: Ball 1-1: Fly out, F9 (Flyball, 89D)
|
Batting: RHB Carl Carlson
|
0-0: Called Strike 0-1: Ball 1-1: Swinging Strike 1-2: Ball 2-2: Ball 3-2: SINGLE (Groundball, 56D)
|
Batting: RHB Alexis Smeddon
|
0-0: Ball 1-0: Ball 2-0: Swinging Strike 2-1: Swinging Strike 2-2: Strikes out looking
|
Batting: LHB Jim Unknown
|
0-0: Ball 1-0: Called Strike 1-1: Called Strike 1-2: Ball 2-2: Ball 3-2: Foul Ball, location: 2F 3-2: Foul Ball, location: 2F 3-2: Foul Ball, location: 2F 3-2: SINGLE (Groundball, 4MD) Carl Carlson to second Carl Carlson to third
|
Batting: LHB Álex Burgos
|
0-0: Ball 1-0: Foul Ball, location: 2F 1-1: Called Strike 1-2: Ball 2-2: Ball 3-2: Base on Balls Jim Unknown to second
|
Batting: RHB David Nielsen
|
0-0: Called Strike 0-1: Fly out, F8 (Flyball, 8RM)
|
Top of the 11th over - 0 run(s), 2 hit(s), 0 error(s), 3 left on base; Hialeah 0 - Brinkley 0 |
BOTTOM OF THE 11TH |
Brinkley Belugas batting - Pitching for Hialeah Dodos : RHP Jesús González
|
Batting: RHB Shawn Hicks
|
0-0: Ground out 6-3 (Groundball, 6)
|
Batting: RHB Reggie Kahn
|
0-0: Called Strike 0-1: Called Strike 0-2: SINGLE (Flyball, 9S)
|
Batting: RHB Kurt Chappell
|
0-0: Called Strike 0-1: Swinging Strike Balk! Reggie Kahn to second 0-2: Fly out, F4 (Popup, 4MD)
|
Batting: RHB Marcos Silva
|
0-0: Ball 1-0: Ground out U3 (Groundball, 3S)
|
Bottom of the 11th over - 0 run(s), 1 hit(s), 0 error(s), 1 left on base; Hialeah 0 - Brinkley 0 |
TOP OF THE 12TH |
Hialeah Dodos batting - Pitching for Brinkley Belugas : RHP Paul Clark
|
Batting: RHB Gerald Sims
|
0-0: Ball 1-0: Foul Ball, location: 2F 1-1: Called Strike 1-2: Ball 2-2: Foul Ball, location: 2F 2-2: Strikes out swinging
|
Batting: RHB Ji-chol Yang
|
0-0: Ball 1-0: Swinging Strike 1-1: Foul Ball, location: 2F 1-2: Ball 2-2: Ground out 6-3 (Groundball, 6M)
|
Batting: RHB Mitch Jensen
|
0-0: Hit by Pitch
|
Batting: LHB Salvadaro Meireles
|
0-0: Ball 1-0: Ball 2-0: Called Strike 2-1: Swinging Strike 2-2: Fly out, F5 (Popup, 56S)
|
Top of the 12th over - 0 run(s), 0 hit(s), 0 error(s), 1 left on base; Hialeah 0 - Brinkley 0 |
BOTTOM OF THE 12TH |
Brinkley Belugas batting - Pitching for Hialeah Dodos : RHP Jesús González
|
Batting: RHB Jim Unknown
|
0-0: Ground out U3 (Groundball, 3)
|
Batting: LHB Arturo Acosta
|
0-0: Ball 1-0: Foul Ball, location: 2F 1-1: Called Strike 1-2: Ground out 4-3 (Groundball, 4)
|
Batting: LHB Horace Ritchie
|
0-0: Ball 1-0: Foul Ball, location: 2F 1-1: Called Strike 1-2: Strikes out looking
|
Bottom of the 12th over - 0 run(s), 0 hit(s), 0 error(s), 0 left on base; Hialeah 0 - Brinkley 0 |
TOP OF THE 13TH |
Hialeah Dodos batting - Pitching for Brinkley Belugas : RHP Paul Clark
|
Pitching: RHP Jorge Beltrán
|
|
Batting: RHB Carl Carlson
|
0-0: Called Strike 0-1: Ball 1-1: Ball 2-1: Ball 3-1: Foul Ball, location: 2F 3-2: Ground out 6-3 (Groundball, 6)
|
Batting: RHB Alexis Smeddon
|
0-0: Ball 1-0: Called Strike 1-1: Ball 2-1: Ground out 5-3 (Groundball, 56)
|
Batting: LHB Jim Unknown
|
0-0: Ball 1-0: Foul Ball, location: 2F 1-1: SINGLE (Line Drive, 8RS)
|
Batting: LHB Álex Burgos
|
0-0: Ball 1-0: Foul Ball, location: 2F 1-1: Swinging Strike 1-2: Strikes out looking
|
Top of the 13th over - 0 run(s), 1 hit(s), 0 error(s), 1 left on base; Hialeah 0 - Brinkley 0 |
BOTTOM OF THE 13TH |
Brinkley Belugas batting - Pitching for Hialeah Dodos : RHP Jesús González
|
Pitching: LHP Fernando Castro
|
|
Batting: RHB Steve Jones
|
0-0: Called Strike 0-1: Ball 1-1: Ground out 5-3 (Groundball, 56S)
|
Batting: RHB Jorge Salazar
|
0-0: Swinging Strike 0-1: Foul Ball, location: 2F 0-2: Ball 1-2: Ball 2-2: Fly out, F4 (Popup, 4D)
|
Batting: RHB Shawn Hicks
|
0-0: Called Strike 0-1: Swinging Strike 0-2: Ball 1-2: Foul Ball, location: 2F 1-2: Ball 2-2: Strikes out swinging
|
Bottom of the 13th over - 0 run(s), 0 hit(s), 0 error(s), 0 left on base; Hialeah 0 - Brinkley 0 |
TOP OF THE 14TH |
Hialeah Dodos batting - Pitching for Brinkley Belugas : RHP Jorge Beltrán
|
Batting: RHB David Nielsen
|
0-0: Called Strike 0-1: Ground out 5-3 (Groundball, 56)
|
Batting: RHB Gerald Sims
|
0-0: Ball 1-0: Foul Ball, location: 2F 1-1: DOUBLE (Flyball, 78M)
|
Batting: RHB Ji-chol Yang
|
0-0: Foul Ball, location: 2F 0-1: Ball 1-1: Ball 2-1: Ball 3-1: Base on Balls
|
Batting: RHB Mitch Jensen
|
0-0: Called Strike 0-1: Called Strike 0-2: Ball 1-2: SINGLE (Flyball, 8LS) Gerald Sims to third Ji-chol Yang to second Runner from 3rd tries for Home, SAFE, throw made home
|
Batting: LHB Salvadaro Meireles
|
0-0: Called Strike 0-1: Ball 1-1: Ball 2-1: Foul Ball, location: 2F 2-2: Ball 3-2: Base on Balls Ji-chol Yang to third Mitch Jensen to second
|
Batting: RHB Carl Carlson
|
0-0: Ball 1-0: Ball 2-0: Called Strike 2-1: SINGLE (Line Drive, 56) Ji-chol Yang scores Mitch Jensen to third Salvadaro Meireles to second Runner from 3rd tries for Home, SAFE, throw made home
|
Pitching: RHP Benjamin Booth
|
|
Batting: RHB Alexis Smeddon
|
0-0: Ball 1-0: Ball 2-0: Ball 3-0: Base on Balls Salvadaro Meireles to third Carl Carlson to second
|
Batting: LHB Jim Unknown
|
0-0: Called Strike 0-1: Swinging Strike 0-2: Ball 1-2: Strikes out swinging
|
Batting: LHB Álex Burgos
|
0-0: Ball 1-0: Called Strike 1-1: Fly out, F9 (Flyball, 9D)
|
Top of the 14th over - 3 run(s), 3 hit(s), 0 error(s), 3 left on base; Hialeah 3 - Brinkley 0 |
BOTTOM OF THE 14TH |
Brinkley Belugas batting - Pitching for Hialeah Dodos : LHP Fernando Castro
|
Batting: RHB Reggie Kahn
|
0-0: Called Strike 0-1: Ball 1-1: Ball 2-1: Swinging Strike 2-2: Ball 3-2: Ground out 6-3 (Groundball, 6)
|
Batting: RHB Kurt Chappell
|
0-0: Ball 1-0: Ball 2-0: Ball 3-0: Called Strike 3-1: Swinging Strike 3-2: Base on Balls
|
Batting: RHB Marcos Silva
|
0-0: Foul Ball, location: 2F 0-1: Called Strike 0-2: SINGLE (Flyball, 8LS) Kurt Chappell to second Throwing error, E8 Kurt Chappell scores Marcos Silva to second
|
Batting: RHB Jim Unknown
|
0-0: Ball 1-0: Foul Ball, location: 2F 1-1: Ball 2-1: Ball 3-1: Base on Balls
|
Pinch Hitting: RHB Mark Field
|
0-0: Grounds into double play, 1-6-3 (Groundball, 13)
|
Bottom of the 14th over - 1 run(s), 1 hit(s), 1 error(s), 1 left on base; Hialeah 3 - Brinkley 1 |
|